 Dungeon Crawl Stone Soup version 0.29-a0-643-ga013cefcf8 (webtiles) character file.

Game seed: 1727928534650964332

70 xian the Twirler (level 4, -6/38 HPs)
             Began as a Draconian Gladiator on June 19, 2022.
             Mangled by a gnoll
             ... wielding a +1 flail of protection
             ... led by a gnoll shaman
              (10 damage)
             ... on level 3 of the Dungeon on June 20, 2022.
             The game lasted 00:04:14 (1957 turns).

xian the Twirler (Draconian Gladiator)              Turns: 1957, Time: 00:04:14

Health: -6/38      AC:  6    Str: 19    XL:     4   Next: 3%
Magic:  4/4        EV: 12    Int:  8    God:
Gold:   154        SH:  0    Dex: 12    Spells: 3/3 levels left

rFire   . . .      SeeInvis .   a - +0 quarterstaff
rCold   . . .      Faith    .   (shield currently unavailable)
rNeg    . . .      Spirit   .   (body armour unavailable)
rPois   .          Reflect  .   b - +0 hat
rElec   .          Harm     .   (no cloak)
rCorr   .          Rampage  .   n - +0 pair of gloves
Will    .....                   (no boots)
Stlth   +.........              (no amulet)
HPRegen 0.12/turn               (no ring)
MPRegen 0.09/turn               (no ring)

@: no status effects
A: AC +5, unfitting armour, cold-blooded
a: no special abilities


You were on level 3 of the Dungeon.
You visited 1 branch of the dungeon, and saw 3 of its levels.

You collected 154 gold pieces.

Inventory:

Hand Weapons
 a - a +0 quarterstaff (weapon)
Missiles
 c - 3 throwing nets
 d - 3 javelins (quivered)
Armour
 b - a +0 hat (worn)
 n - a +0 pair of gloves (worn)
Scrolls
 g - a scroll of immolation {unknown}
 h - a scroll of vulnerability {unknown}
 j - a scroll of magic mapping {unknown}
 m - a scroll of identify {unknown}
Potions
 e - a potion of flight {unknown}
 f - a potion of attraction {unknown}
 i - a potion of curing {unknown}
 k - a potion of degeneration {unknown}
 l - 2 potions of haste {unknown}
 o - a potion of invisibility {unknown}


   Skills:
 + Level 3.0 Fighting
 + Level 4.0 Staves
 + Level 1.8 Throwing
 + Level 3.2 Dodging
 + Level 0.3 Stealth


You had 3 spell levels left.
You didn't know any spells.
Your spell library was empty.

Dungeon Overview and Level Annotations

Branches:
Dungeon (3/15)

Altars:
Nemelex Xobeh


Innate Abilities, Weirdness & Mutations

Your plain brown scales are hard. (AC +5)
You cannot fit into any form of body armour.
You are cold-blooded and may be slowed by cold attacks.


Message History

Found a stone staircase leading down.
Found a club.
Found a flail.
You see here a +0 flail.
You now have 143 gold pieces (gained 17).
You now have 154 gold pieces (gained 11).
A gnoll comes into view. It is wielding a +0 flail.
The gnoll shouts!
You hear a shout! x3
A gnoll comes into view.
It is wielding a +1 flail of protection.
A bat comes into view.
The gnoll hits you with a +0 flail.
You sock the gnoll!
The gnoll is severely wounded.
The gnoll hits you with a +0 flail.
You sock the gnoll!
You kill the gnoll!
The bat hits you but does no damage. x2
You have reached level 4!
You feel stronger.
You hit the bat.
You kill the bat!
Your Staves skill increases to level 4!
You hit the gnoll but do no damage.
Your tail-slap misses the gnoll.
The gnoll closely misses you.
You closely miss the gnoll.
The gnoll hits you with a +1 flail of protection!
You sock the gnoll!
The gnoll is heavily wounded.
The gnoll completely misses you.
You hit the gnoll but do no damage.
Your tail-slap misses the gnoll.
The gnoll is heavily wounded.
The gnoll hits you with a +1 flail of protection.
You closely miss the gnoll.
The gnoll is heavily wounded.
The gnoll hits you with a +1 flail of protection! x2
* * * LOW HITPOINT WARNING * * *
You hit the gnoll but do no damage.
The gnoll is heavily wounded.
The gnoll hits you with a +1 flail of protection!
You die...

############.#
#..........#.#
#.########.#.# #.#
#.#.# ####.# #.#.#
..##.# #.#.#
#.##)########.#.#####
................@g..#
####.........######.#
.............
####.#######. # ...
#. . ... .. ## ####
.. ######


You could see a gnoll.

Vanquished Creatures
  2 adders (D:2)
  A gnoll (D:3)
  2 dart slugs
  2 ball pythons (D:1)
  3 bats
  4 endoplasms
  A giant cockroach (D:2)
  2 goblins (D:1)
  6 hobgoblins
  4 kobolds
  2 quokkas
  3 frilled lizards
  3 rats
35 creatures vanquished.

Notes
Turn   | Place    | Note
-------+----------+-------------------------------------------
     0 | D:1      | xian the Draconian Gladiator began the quest for the Orb.
     0 | D:1      | Reached XP level 1. HP: 17/17 MP: 1/1
   208 | D:1      | Reached XP level 2. HP: 17/25 MP: 2/2
   326 | D:1      | Found a faded altar of an unknown god.
  1137 | D:2      | Found a sparkling altar of Nemelex Xobeh.
  1147 | D:2      | Reached XP level 3. HP: 30/30 MP: 3/3
  1951 | D:3      | Reached XP level 4. HP: 29/38 MP: 4/4
  1952 | D:3      | Reached skill level 4 in Staves
  1957 | D:3      | Mangled by a gnoll

Illustrated notes

Levels and vault maps discovered:
D:1:      minmay_arrival_wavy_path, layout_loops_cross, basic_ecumenical_altar,
          serial_forest, infiniplex_forest_straight_3,
          infiniplex_forest_clump_tiny, infiniplex_forest_zigzag_1,
          infiniplex_forest_clump_diagonal, infiniplex_forest_end_double,
          st_stairs_2
D:2:      layout_basic, basic_altar
D:3:      layout_basic, lemuel_crystal_altar, uniq_natasha,
          uniq_crazy_yiuf_cottage

Skill      XL: |  1  2  3  4 |
---------------+-------------+-----
Dodging        | 3 |  3.2
Fighting       | 3 |  3.0
Staves         | 4 |  4.0
Throwing       | |  1.8
Stealth        | |  0.3

Action                   |  1- 3 |  4- 6 || total
-------------------------+-------+-------++-------
Melee: Quarterstaff      |    75 |     7 ||    82
       Tailslap          |    10 |       ||    10
 Stab: Sleeping          |     2 |       ||     2
Armor: Skin              |    31 |       ||    31
Dodge: Dodged            |    61 |     2 ||    63

Table legend: (Time is in decaauts)
 A = Elapsed time spent in this place.
 B = Non-inter-level travel time spent in this place.
 C = Inter-level travel time spent in this place.
 D = Time resting spent in this place.
 E = Time spent auto-exploring this place.
 F = Levels seen in this place.
 G = Mean time per level.
                   A        B        C        D        E       F      G
               +--------+--------+--------+--------+--------+-----+--------+
         Total |   1968 |   1893 |     75 |      0 |   1365 |   3 |  656.0 |
       Dungeon |   1968 |   1893 |     75 |      0 |   1365 |   3 |  656.0 |
               +--------+--------+--------+--------+--------+-----+--------+

Top non-repeatable levels by time:
     D:1: 980 daAuts
     D:2: 883 daAuts
     D:3: 104 daAuts
